 Dungeon Crawl Stone Soup version 0.23.2-40-g277498a001 (webtiles) character file.

Game seed: 1904280220255498342

123 Emblim88 the Grasshopper (level 5, -3/43 HPs)
             Began as a Gnoll Warper on Aug 23, 2019.
             Slain by a scorpion (7 damage)
             ... on level 4 of the Dungeon.
             The game lasted 00:06:20 (2186 turns).

Emblim88 the Grasshopper (Gnoll Warper)             Turns: 2186, Time: 00:06:21

Health: -3/43      AC: 10    Str: 12 (14) XL:     5   Next: 7%
Magic:  12/12      EV:  7    Int: 13 (15) God:
Gold:   155        SH:  0    Dex: 14 (15) Spells: 10/14 levels left

rFire    x . .     SeeInvis .   a - +0 falchion
rCold    + . .     Gourm    .   (no shield)
rNeg     + . .     Faith    .   g - +0 chain mail
rPois    .         Spirit   .   (no helmet)
rElec    .         Reflect  .   r - +0 cloak
rCorr    .         Harm     .   (no gloves)
MR       .....                  (no boots)
Stlth    ..........             q - amulet of rage
HPRegen  0.14/turn              c - ring of ice
MPRegen  0.13/turn              w - ring of positive energy

@: no status effects
A: distributed training, fangs 1, strong nose
a: Evoke Berserk Rage


You were on level 4 of the Dungeon.
You were not hungry.

You visited 1 branch of the dungeon, and saw 4 of its levels.

You collected 155 gold pieces.

Inventory:

Hand Weapons
 a - a +0 falchion (weapon)
 p - a +3 short sword
Missiles
 e - 5 tomahawks of dispersal (quivered)
Armour
 b - a +0 leather armour
 g - a +0 chain mail (worn)
 r - a +0 cloak (worn)
Magical Staves
 s - an uncursed staff of wizardry
Jewellery
 c - a ring of ice (left hand)
 j - an uncursed amulet of regeneration
 q - an amulet of rage (around neck)
 w - a ring of positive energy (right hand)
Scrolls
 d - a scroll of blinking
 h - a scroll of amnesia {unknown}
 m - a scroll of remove curse
 o - a scroll of fear {unknown}
 t - a scroll of enchant weapon
 v - a scroll of teleportation {unknown}
Potions
 i - 2 potions of haste
 l - 2 potions of flight
 n - a potion of degeneration
 u - a potion of invisibility
Comestibles
 f - 4 rations


   Skills:
 + Level 4.7 Fighting
 + Level 1.3 Short Blades
 + Level 4.7 Long Blades
 + Level 1.3 Axes
 + Level 1.3 Maces & Flails
 + Level 1.3 Polearms
 + Level 1.3 Staves
 + Level 1.3 Slings
 + Level 1.3 Bows
 + Level 1.3 Crossbows
 + Level 2.8 Throwing
 + Level 2.8 Armour
 + Level 4.7 Dodging
 + Level 1.3 Stealth
 + Level 1.3 Shields
 + Level 1.3 Unarmed Combat
 + Level 5.1 Spellcasting
 + Level 1.0 Conjurations
 + Level 1.0 Hexes
 + Level 1.0 Charms
 + Level 1.0 Summonings
 + Level 1.0 Necromancy
 + Level 5.5 Translocations
 + Level 1.0 Transmutations
 + Level 1.0 Fire Magic
 + Level 1.0 Ice Magic
 + Level 1.0 Air Magic
 + Level 1.0 Earth Magic
 + Level 1.0 Poison Magic
 + Level 1.4 Invocations
 + Level 1.3 Evocations


You had 10 spell levels left.
You knew the following spells:

 Your Spells              Type           Power        Failure   Level  Hunger
a - Blink                 Tloc           N/A          73%         2    ##.....
b - Shroud of Golubria    Chrm/Tloc      ##........   95%         2    ##.....

Your spell library contained the following spells:

 Spells                   Type           Power        Failure   Level  Hunger
 Gell's Gravitas          Tloc           ###.......   91%         3    ###....
 Lesser Beckoning         Tloc           ###.......   91%         3    ###....
 Teleport Other           Tloc           ###.....     91%         3    ###....
 Passage of Golubria      Tloc           N/A          100%        4    ####...


Dungeon Overview and Level Annotations

Branches:
Dungeon (4/15)
 Temple: D:4-7

Altars:
Nemelex Xobeh


Innate Abilities, Weirdness & Mutations

Your experience applies equally to all skills.
You have very sharp teeth.
Your uncanny sense of smell can sniff out nearby items.


Message History

You closely miss the scorpion.
The scorpion is heavily wounded.
The scorpion stings you.
* * * LOW HITPOINT WARNING * * *
You closely miss the scorpion.
The scorpion is heavily wounded.
The scorpion stings you.
* * * LOW HITPOINT WARNING * * *
You are lethally poisoned!
The scorpion poisons you!
You feel better. The scorpion stings you.
* * * LOW HITPOINT WARNING * * *
You hit the scorpion.
The scorpion is severely wounded.
The scorpion stings you.
* * * LOW HITPOINT WARNING * * *
You closely miss the scorpion.
The scorpion is severely wounded.
The scorpion stings you!
You die...

#..# #..# #.># #..# ...#
#..# #..# ###>.######
#..# #.........# #..#
##.#######<# #..# #
...#######.#####s†#.##..
#...............@.......
#..#######.####..##.##.#
#..# #.####..##.....
#..#### #.<............
#.....# ######.........
#.###.# ##.#####.. ..#
#.##########.# #.
#............# #.
##############


You could see a scorpion.

Vanquished Creatures
  An iguana (D:3)
  3 adders
  3 worms (D:3)
  An orc (D:3)
  7 giant cockroaches
  6 goblins
  7 hobgoblins
  2 jackals (D:3)
  2 quokkas (D:3)
  6 bats
  8 frilled lizards
  5 kobolds
  11 rats
62 creatures vanquished.

Notes
Turn   | Place    | Note
-------+----------+-------------------------------------------
     0 | D:1      | Emblim88 the Gnoll Warper began the quest for the Orb.
     0 | D:1      | Reached XP level 1. HP: 20/20 MP: 6/6
    76 | D:1      | Reached XP level 2. HP: 22/26 MP: 7/7
   790 | D:2      | Reached XP level 3. HP: 31/31 MP: 9/9
   798 | D:2      | Reached skill level 5 in Spellcasting
   985 | D:2      | Reached skill level 1 in Invocations
  1273 | D:2      | Reached skill level 1 in Short Blades
  1273 | D:2      | Reached skill level 1 in Axes
  1273 | D:2      | Reached skill level 1 in Maces & Flails
  1273 | D:2      | Reached skill level 1 in Polearms
  1273 | D:2      | Reached skill level 1 in Staves
  1273 | D:2      | Reached skill level 1 in Slings
  1273 | D:2      | Reached skill level 1 in Bows
  1273 | D:2      | Reached skill level 1 in Crossbows
  1273 | D:2      | Reached skill level 1 in Stealth
  1273 | D:2      | Reached skill level 1 in Shields
  1273 | D:2      | Reached skill level 1 in Unarmed Combat
  1273 | D:2      | Reached skill level 1 in Evocations
  1276 | D:2      | Found a sparkling altar of Nemelex Xobeh.
  1342 | D:3      | Reached XP level 4. HP: 38/38 MP: 11/11
  1502 | D:3      | Reached skill level 1 in Conjurations
  1502 | D:3      | Reached skill level 1 in Hexes
  1502 | D:3      | Reached skill level 1 in Charms
  1502 | D:3      | Reached skill level 1 in Summonings
  1502 | D:3      | Reached skill level 1 in Necromancy
  1502 | D:3      | Reached skill level 1 in Transmutations
  1502 | D:3      | Reached skill level 1 in Fire Magic
  1502 | D:3      | Reached skill level 1 in Ice Magic
  1502 | D:3      | Reached skill level 1 in Air Magic
  1502 | D:3      | Reached skill level 1 in Earth Magic
  1502 | D:3      | Reached skill level 1 in Poison Magic
  1678 | D:3      | Reached XP level 5. HP: 29/43 MP: 12/12
  2120 | D:4      | Learned a level 2 spell: Blink
  2123 | D:4      | Learned a level 2 spell: Shroud of Golubria
  2183 | D:4      | HP: 1/43 [scorpion (6)]
  2186 | D:4      | Slain by a scorpion

Skill      XL: |  1  2  3  4 |
---------------+-------------+-----
Spellcasting   | 5 |  5.1
Invocations    | 1 |  1.4
Short Blades   | 1 |  1.3
Axes           | 1 |  1.3
Maces & Flails | 1 |  1.3
Polearms       | 1 |  1.3
Staves         | 1 |  1.3
Slings         | 1 |  1.3
Bows           | 1 |  1.3
Crossbows      | 1 |  1.3
Stealth        | 1 |  1.3
Shields        | 1 |  1.3
Unarmed Combat | 1 |  1.3
Evocations     | 1 |  1.3
Conjurations   | 1 |  1.0
Hexes          | 1 |  1.0
Charms         | 1 |  1.0
Summonings     | 1 |  1.0
Necromancy     | 1 |  1.0
Transmutations | 1 |  1.0
Fire Magic     | 1 |  1.0
Ice Magic      | 1 |  1.0
Air Magic      | 1 |  1.0
Earth Magic    | 1 |  1.0
Poison Magic   | 1 |  1.0
Fighting       | |  4.7
Long Blades    | |  4.7
Throwing       | |  2.8
Armour         | |  2.8
Dodging        | |  4.7
Translocations | |  5.5

Action                   |  1- 3 |  4- 6 || total
-------------------------+-------+-------++-------
Melee: Falchion          |   121 |    99 ||   220
       Bite              |    14 |    13 ||    27
       Punch             |     1 |       ||     1
  Use: Potion            |       |     5 ||     5
       Scroll            |       |     4 ||     4
  Eat: Chunk             |     1 |     2 ||     3
       Ration            |       |     1 ||     1
Armor: Chain mail        |    66 |    45 ||   111
Dodge: Dodged            |    40 |    37 ||    77
       Rpst.: Falchion   |    14 |    12 ||    26
